Map: Blueshift LE

Players

demuLarva - Winner!

  • Race: Terran Terran
  • League: Grandmaster
  • Spawn Location: 7:00

IIIIIIIIIIII

  • Race: Zerg Zerg
  • Spawn Location: 1:00

VOD

Have the link to the VOD?

Description

Time

  • Played on: Jan. 20, 2019, 11:39 a.m.
  • Length: 25:51
Show
View Real Time Build Order
Export as new Build Order

demuLarva Terran - Winner!

Build Orders: Reaper Expand, Hellion Banshee 

Get SALT Encoding   

  12  0:01  SCV  
  13  0:13  SCV  
  14  0:18  Supply Depot  
  14  0:25  SCV  
  15  0:39  SCV  
  15  0:41  Barracks  
  16  0:44  Refinery  
  16  0:52  SCV  
  17  1:04  SCV  
  18  1:16  SCV  
  19  1:28  Orbital Command  
  19  1:29  Reaper  
  20  1:40  Command Center  
  20  1:49  Supply Depot  
  20  1:54  SCV  
  21  2:01  Marine  
  21  2:06  SCV  
  23  2:12  Factory  
  23  2:18  SCV  
  23  2:20  Refinery  
  24  2:23  Barracks Reactor  
  24  2:30  SCV  
  25  2:42  SCV  
  26  2:54  SCV  
  26  2:56  Starport  
  26  2:57  Orbital Command  
  27  3:06  SCV  
  27  3:08  Hellion x2  
  27  3:09  Barracks Tech Lab  
  32  3:18  SCV  
  33  3:24  SCV  
  34  3:29  Supply Depot  
  34  3:30  Hellion x2  
  34  3:31  SCV  
  39  3:36  SCV  
  39  3:39  Banshee  
  39  3:40  Cloaking Field  
  43  3:43  SCV  
  43  3:48  SCV  
  45  3:51  Supply Depot  
  45  3:52  Hellion x2  
  45  3:55  SCV  
  50  4:00  SCV  
  51  4:03  Armory  
  51  4:07  SCV  
  52  4:12  SCV  
  52  4:15  Hellion x2  
  57  4:19  SCV  
  57  4:20  Supply Depot  
  58  4:24  SCV  
  58  4:25  Banshee  
  62  4:37  Supply Depot  
  62  4:42  Supply Depot, SCV x2  
  62  4:44  Hellion x2  
  68  4:54  SCV x2  
  70  5:06  SCV x2  
  70  5:09  Hellion x2  
  74  5:14  Banshee  
  74  5:16  Terran Vehicle And Ship Armor Level 1  
  74  5:18  SCV x2  
  73  5:22  Command Center  
  73  5:30  Hellion x2, SCV  
  69  5:43  SCV  
  69  5:44  SCV  
  69  5:46  Refinery x2  
  71  5:51  Hellion  
  71  5:52  Hellion  
  71  5:54  Barracks Tech Lab  
  71  5:55  SCV  
  71  5:56  SCV  
  77  5:57  Factory x2  
  77  5:58  Banshee  
  80  6:04  Supply Depot  
  80  6:07  SCV  
  80  6:08  SCV  
  82  6:19  SCV  
  82  6:20  SCV  
  78  6:29  Hellion x2  
  78  6:31  SCV  
  77  6:32  SCV  
  77  6:36  Orbital Command  
  77  6:37  Factory  
  77  6:38  Factory  
  77  6:44  SCV  
  77  6:45  Barracks Reactor, SCV  
  79  6:53  Orbital Command  
  79  6:55  Hellion x2, Banshee  
  79  6:56  SCV  
  79  6:57  SCV  
  79  7:00  Mag-Field Accelerator  
  88  7:01  Factory Tech Lab  
  88  7:06  Infernal Pre-Igniter, Cyclone  
  85  7:10  SCV  
  85  7:12  SCV  
  87  7:18  SCV  
  87  7:21  Cyclone  
  92  7:22  SCV  
  92  7:23  Refinery  
  92  7:24  Factory Tech Lab, SCV  
  92  7:26  Supply Depot, Refinery  
  93  7:30  SCV  
  93  7:31  Hellion  
  93  7:32  Hellion x2  
  93  7:35  SCV  
  93  7:36  SCV  
  102  7:38  Supply Depot  
  102  7:39  Supply Depot  
  102  7:42  SCV  
  103  7:46  Command Center  
  103  7:47  Cyclone, SCV  
  103  7:48  SCV  
  103  7:49  Terran Vehicle And Ship Armor Level 2  
  108  7:54  SCV  
  108  7:57  Cyclone  
  114  7:58  Hellion  
  114  7:59  Hellion, SCV  
  114  8:00  Cyclone, SCV  
  114  8:02  Supply Depot x2  
  121  8:06  Armory  
  121  8:09  Hellion  
  121  8:10  Hellion  
  125  8:19  SCV  
  126  8:20  Cyclone  
  126  8:21  Hellion  
  126  8:23  Supply Depot  
  126  8:24  Supply Depot x2  
  126  8:25  SCV x2  
  133  8:28  Hellion  
  133  8:30  Hellion, Cyclone  
  133  8:33  Factory  
  133  8:34  Factory  
  140  8:38  Cyclone  
  140  8:39  Hellion, Supply Depot  
  140  8:40  Supply Depot  
  145  8:45  Hellion  
  147  8:52  Hellion  
  147  8:53  Cyclone  
  147  8:55  Factory  
  152  8:57  Engineering Bay  
  152  8:59  Supply Depot  
  146  9:03  Hellion, Cyclone  
  146  9:09  Hellion  
  153  9:10  Cyclone  
  156  9:19  Factory Reactor, Factory Tech Lab  
  156  9:20  Hellion x2  
  160  9:25  Cyclone  
  160  9:30  Terran Vehicle Weapons Level 1  
  163  9:34  Hellion  
  163  9:35  Hellion, Cyclone  
  163  9:38  Command Center  
  170  9:43  Hellion x2, Cyclone  
  177  9:50  Factory Tech Lab  
  177  9:51  Cyclone  
  180  9:55  Hellion  
  180  9:56  Sensor Tower  
  180  9:58  Hellion, Cyclone  
  187  10:01  Refinery  
  187  10:02  Refinery  
  187  10:03  Planetary Fortress  
  187  10:17  Hellion x2, Cyclone x2  
  176  10:30  Cyclone  
  176  10:31  Hellion  
  176  10:34  Hellion, Cyclone x2  
  173  10:40  Hellion x2  
  177  10:49  Cyclone x2  
  179  10:51  Hellion  
  179  10:53  Hellion  
  179  10:54  Hellion  
  179  10:56  Hellion  
  179  11:01  Hellion  
  179  11:02  Cyclone  
  179  11:04  Hellion  
  179  11:06  Cyclone x2  
  187  11:12  Hellion  
  187  11:15  Hellion  
  170  11:19  Hellion x2  
  170  11:21  Cyclone x2, Terran Vehicle And Ship Armor Level 3  
  170  11:23  Hellion  
  182  11:32  Hellion  
  176  11:34  Cyclone  
  176  11:35  Hellion  
  176  11:38  Cyclone x2  
  185  11:40  Hellion  
  185  11:45  Starport x2  
  185  11:52  SCV x4  
  185  11:53  Cyclone  
  192  12:02  Refinery, Fusion Core  
  192  12:03  Terran Vehicle Weapons Level 2  
  192  12:04  SCV x2  
  192  12:06  Refinery  
  194  12:14  Hellion, Cyclone  
  168  12:25  Hellion, Cyclone x2  
  168  12:26  Hellion x3  
  168  12:28  Cyclone  
  168  12:29  Hellion  
  182  12:32  Planetary Fortress  
  182  12:35  Hellion x13  
  182  12:37  Liberator  
  182  12:41  Hellion, Cyclone  
  187  12:48  Cyclone  
  187  12:49  Hellion  
  192  12:53  Starport Reactor x2  
  193  13:18  Liberator x4  
  193  13:25  Hellion x2, Cyclone  
  173  13:34  Cyclone  
  173  13:35  Hellion  
  173  13:36  Cyclone  
  173  13:37  Hellion x2, Cyclone  
  198  13:47  Advanced Ballistics  
  198  13:48  Command Center  
  198  13:52  Command Center  
  198  13:54  Hellion  
  200  13:58  Liberator  
  200  14:00  Liberator  
  191  14:09  Liberator  
  186  14:10  Hellion, Cyclone x2  
  186  14:16  Terran Ship Weapons Level 1  
  184  14:24  Hellion x2, Cyclone x2  
  184  14:25  Hellion  
  184  14:28  Terran Vehicle Weapons Level 3  
  196  14:38  Cyclone  
  199  14:48  Liberator x2  
  199  14:55  Command Center  
  197  15:18  Cyclone  
  200  15:29  Liberator x3  
  200  15:38  Orbital Command x2  
  194  15:44  Liberator  
  197  15:50  Liberator  
  193  16:12  Liberator x2  
  187  16:20  Cyclone x2  
  187  16:21  Hellion x3, Cyclone  
  187  16:22  Liberator  
  193  16:27  Liberator  
  199  16:33  Liberator  
  199  16:34  Starport  
  199  16:36  Starport  
  199  16:38  Hellion, Cyclone  
  168  16:43  Hellion x2, Cyclone  
  175  16:51  Terran Ship Weapons Level 2  
  178  16:55  Hellion x3, Cyclone x3  
  193  17:07  Hellion x2  
  194  17:10  Cyclone  
  194  17:12  Viking  
  199  17:29  Missile Turret  
  199  17:34  Planetary Fortress  
  197  17:41  Refinery  
  192  17:48  SCV  
  192  17:49  SCV x5  
  187  17:51  Viking x4  
  187  17:52  Viking x2  
  197  18:17  Liberator x2  
  197  18:22  Viking  
  199  18:33  Liberator, Cyclone  
  197  18:51  Starport Reactor x2  
  197  19:16  Viking  
  179  19:19  Liberator x2  
  179  19:21  Viking  
  179  19:22  Viking x2  
  167  19:53  Hellion, Cyclone x4  
  167  19:54  Hellion x4, Viking x3, Cyclone  
  167  19:55  Viking  
  167  19:57  Terran Ship Weapons Level 3  
  197  20:03  Refinery x2  
  197  20:06  Command Center  
  190  20:17  Viking x3  
  191  20:31  Missile Turret  
  191  20:32  Missile Turret  
  191  20:34  Missile Turret  
  191  20:35  Neosteel Armor, Missile Turret x2  
  189  20:51  Missile Turret  
  189  20:58  Missile Turret  
  189  21:03  Liberator x6  
  170  21:20  Viking  
  170  21:21  Viking x2  
  179  21:42  Refinery  
  179  21:45  Liberator  
  179  21:46  Liberator x2, Refinery  
  176  21:47  Missile Turret x2  
  176  21:50  Viking x2  
  183  22:01  Liberator x3  
  183  22:03  Planetary Fortress  
  187  22:15  Hi-Sec Auto Tracking  
  187  22:16  Cyclone x2  
  184  22:30  Raven  
  184  22:32  Hellion, Cyclone x2  
  184  22:33  Hellion x3, Cyclone  
  182  22:41  Hellion  
  184  22:45  Hellion  
  184  22:48  Cyclone x2  
  192  22:52  Command Center  
  192  22:54  Hellion  
  191  23:13  Raven  
  120  23:41  Hellion, Cyclone  
  102  23:43  Hellion x2, Cyclone x4  
  102  23:44  Hellion x2  
  102  23:47  Hellion  
  108  24:00  Liberator  
  107  24:03  Hellion, Orbital Command  
  107  24:05  Hellion x2  
  107  24:08  Hellion x2  
  107  24:09  Hellion  
  117  24:13  Cyclone  
  117  24:15  Cyclone x4  
  137  24:24  Hellion  
  137  24:26  Hellion x2, Viking  
  137  24:30  Hellion x3  
  149  24:37  Viking  
  149  24:38  Viking  
  153  24:45  Hellion, Cyclone  
  158  24:47  Hellion x2  
  158  24:51  Cyclone  
  158  24:52  Hellion x2, Cyclone  
  167  24:53  Viking  
  167  24:54  Hellion  
  167  24:55  Hellion x2  
  172  25:07  Hellion  
  172  25:08  Viking x2  
  172  25:09  Hellion x2  
  172  25:10  Viking  
  172  25:11  Viking  
  172  25:13  Hellion x2  
  188  25:16  Hellion  
  187  25:48  Refinery  
Show
View Real Time Build Order
Export as new Build Order

IIIIIIIIIIII Zerg 

Build Orders: Hatch First 

Get SALT Encoding   

  12  0:00  Drone  
  13  0:13  Overlord  
  13  0:18  Drone  
  14  0:31  Drone x2  
  16  0:49  Hatchery  
  15  0:52  Drone  
  15  0:55  Drone  
  17  0:59  Drone  
  18  1:09  Extractor  
  17  1:14  Spawning Pool  
  17  1:17  Drone  
  17  1:20  Drone  
  18  1:28  Drone  
  19  1:39  Drone  
  20  1:49  Drone  
  21  2:02  Queen x2  
  21  2:04  Zergling x2  
  26  2:12  Zergling x2  
  27  2:17  Hatchery  
  27  2:20  Overlord  
  27  2:22  Drone  
  27  2:25  Drone  
  28  2:33  Metabolic Boost, Drone  
  28  2:40  Drone  
  29  2:45  Drone x2  
  29  2:49  Queen  
  33  2:57  Overlord  
  33  2:58  Drone  
  34  3:05  Drone x2  
  36  3:10  Overlord  
  36  3:18  Drone  
  37  3:20  Drone x2  
  37  3:25  Queen  
  41  3:28  Zergling x2  
  41  3:32  Zergling x2  
  41  3:33  Drone  
  44  3:35  Queen  
  44  3:39  Zergling x2  
  47  3:44  Overlord  
  47  3:46  Zergling x2  
  47  3:47  Drone x3  
  47  3:48  Drone  
  52  3:53  Drone  
  53  3:56  Zergling x2  
  53  3:59  Drone x3  
  53  4:02  Zergling x2  
  57  4:03  Queen  
  57  4:08  Zergling x2  
  60  4:11  Zergling x2  
  60  4:12  Queen  
  60  4:17  Overlord  
  63  4:18  Drone x2  
  63  4:20  Drone  
  63  4:22  Overlord  
  66  4:30  Spore Crawler  
  66  4:31  Spore Crawler  
  64  4:34  Baneling Nest  
  64  4:38  Spore Crawler  
  62  4:39  Zergling x2, Drone x2  
  62  4:40  Drone, Spore Crawler  
  62  4:43  Drone x2  
  66  4:46  Drone x2  
  66  4:48  Drone x2  
  70  4:56  Overlord, Zergling x4  
  72  5:02  Queen  
  74  5:13  Queen  
  74  5:16  Zergling x10  
  74  5:17  Drone x2  
  74  5:18  Drone x2  
  74  5:20  Baneling  
  74  5:21  Baneling x2  
  78  5:22  Drone x4  
  78  5:24  Drone  
  78  5:29  Zergling x4  
  78  5:30  Drone  
  78  5:31  Drone  
  78  5:33  Extractor x2  
  78  5:38  Drone x3  
  78  5:40  Lair  
  77  5:44  Drone  
  77  5:45  Drone  
  77  5:47  Queen  
  81  5:51  Baneling x3  
  81  5:54  Overlord x2  
  81  5:56  Overlord  
  81  6:00  Extractor  
  81  6:01  Queen  
  81  6:02  Extractor  
  81  6:05  Evolution Chamber x2  
  81  6:11  Drone x2  
  81  6:13  Hatchery  
  81  6:15  Drone x3  
  83  6:19  Zergling x8  
  83  6:20  Drone x3  
  83  6:25  Drone x2  
  89  6:28  Zergling x6  
  89  6:30  Drone x2  
  93  6:35  Zergling x2  
  93  6:37  Overseer  
  94  6:42  Drone x4  
  94  6:43  Drone x2  
  98  6:50  Drone x3  
  98  6:53  Hydralisk Den  
  97  6:55  Drone x2  
  97  7:04  Drone x3, Extractor  
  97  7:06  Centrifical Hooks  
  99  7:08  Zerg Missile Weapons Level 1  
  99  7:09  Zerg Melee Weapons Level 1  
  99  7:10  Overseer  
  99  7:15  Overlord  
  99  7:24  Overlord x3  
  99  7:25  Muscular Augments  
  99  7:31  Overseer  
  99  7:34  Hydralisk x8  
  99  7:36  Queen  
  115  7:40  Overlord  
  116  7:45  Drone x7  
  116  7:51  Infestation Pit  
  122  7:52  Extractor  
  122  7:53  Extractor  
  122  7:54  Drone x3  
  122  7:55  Overseer, Drone x3  
  124  7:58  Hydralisk x2  
  124  8:04  Hydralisk x3  
  134  8:09  Baneling x4  
  134  8:16  Pneumatized Carapace  
  134  8:19  Drone x2  
  133  8:20  Hydralisk x3  
  133  8:21  Zergling x10  
  144  8:27  Hive  
  144  8:30  Overlord x3  
  144  8:34  Overlord x2  
  144  8:42  Grooved Spines  
  144  8:44  Drone  
  144  8:47  Overlord x2  
  143  8:49  Drone x2  
  143  8:51  Hydralisk x2  
  149  9:01  Hatchery  
  146  9:03  Hydralisk x4  
  146  9:04  Zergling x10  
  159  9:11  Zerg Missile Weapons Level 2, Baneling x6  
  159  9:15  Zerg Melee Weapons Level 2  
  159  9:28  Hydralisk x3  
  159  9:29  Zergling x24  
  177  9:36  Spine Crawler  
  177  9:37  Spine Crawler  
  175  9:40  Spine Crawler  
  175  9:41  Baneling x13  
  175  9:43  Zergling x4  
  176  9:56  Viper  
  176  9:57  Viper x2  
  185  10:06  Spire  
  184  10:08  Zergling x20  
  189  10:19  Hydralisk x3  
  189  10:20  Zergling x12  
  184  10:31  Zergling x22  
  187  10:38  Viper x3  
  187  10:42  Baneling x2  
  195  10:45  Hydralisk x2  
  195  10:46  Zergling x8  
  198  10:52  Hatchery  
  198  10:53  Zergling x12  
  197  10:58  Drone x3  
  197  11:02  Drone x4  
  197  11:04  Drone x2  
  197  11:12  Extractor  
  197  11:13  Hydralisk x3  
  197  11:15  Extractor  
  177  11:18  Baneling x7  
  177  11:21  Overseer x2  
  175  11:25  Spine Crawler  
  175  11:27  Spine Crawler, Spore Crawler  
  165  11:33  Hydralisk x2  
  165  11:34  Zergling x18  
  165  11:38  Overlord  
  172  11:44  Overlord, Greater Spire  
  172  11:45  Drone x4  
  172  11:46  Drone x2  
  178  11:51  Baneling x7  
  178  11:58  Baneling  
  178  11:59  Zergling x14, Baneling x11  
  185  12:15  Viper x4  
  182  12:24  Zergling x34  
  182  12:27  Baneling x7  
  191  12:30  Baneling x4  
  189  12:38  Zergling x20  
  198  12:49  Zerg Missile Weapons Level 3  
  198  12:50  Zerg Ground Armor Level 1  
  196  12:56  Corruptor  
  198  13:04  Baneling  
  198  13:05  Baneling x19  
  198  13:26  Corruptor  
  198  13:27  Corruptor x4  
  188  13:34  Corruptor x2  
  195  13:36  Overseer  
  198  13:47  Hydralisk x2  
  197  14:02  Hydralisk x8  
  183  14:07  Brood Lord x3  
  192  14:14  Brood Lord  
  192  14:16  Drone x5  
  193  14:18  Drone x3  
  193  14:20  Overlord  
  196  14:28  Drone x3  
  191  14:39  Overlord x2  
  191  14:52  Hatchery  
  190  14:55  Overlord  
  189  15:02  Brood Lord x4  
  189  15:07  Hatchery  
  196  15:08  Overseer  
  196  15:09  Overseer x2  
  188  15:14  Hydralisk x6  
  188  15:16  Zergling x2  
  188  15:17  Zergling x2  
  190  15:25  Corruptor x4  
  190  15:26  Corruptor  
  190  15:35  Drone x3  
  186  15:46  Drone x5  
  190  15:50  Viper x3  
  193  16:06  Brood Lord x2  
  193  16:08  Brood Lord  
  189  16:27  Hatchery  
  189  16:28  Hatchery, Drone  
  189  16:31  Zergling x6  
  189  16:32  Zergling x10  
  181  16:52  Overseer  
  181  16:56  Overlord  
  181  16:58  Zergling x2  
  181  16:59  Zergling x22  
  189  17:10  Zergling x6  
  189  17:13  Overlord  
  192  17:22  Baneling x22  
  192  17:27  Drone x3  
  192  17:28  Drone x2  
  197  17:32  Drone x3  
  199  17:38  Spore Crawler  
  195  17:47  Burrow  
  192  17:57  Overseer  
  189  17:59  Hatchery  
  189  18:01  Corruptor x3  
  194  18:12  Overseer  
  194  18:17  Corruptor x3  
  200  18:22  Unknown  
  200  18:23  Unknown  
  200  18:38  Extractor  
  195  18:45  Drone x2  
  195  18:46  Drone  
  196  18:49  Corruptor  
  196  18:50  Corruptor  
  198  19:11  Unknown x2  
  198  19:13  Unknown  
  198  19:16  Corruptor x10  
  177  19:22  Drone x2  
  177  19:23  Drone  
  172  19:29  Viper x3  
  179  19:41  Viper x2, Corruptor  
  185  19:55  Drone x3  
  185  19:56  Drone x2  
  190  20:04  Hatchery  
  189  20:08  Unknown  
  189  20:11  Unknown  
  187  20:15  Overlord  
  187  20:16  Brood Lord x2  
  187  20:19  Zerg Flyer Weapons Level 1  
  191  20:25  Zergling x10  
  196  20:34  Overseer  
  196  20:35  Drone x3  
  199  20:58  Baneling Nest  
  195  21:06  Zergling x12  
  178  21:20  Drone x4  
  177  21:26  Overlord  
  177  21:27  Drone x2  
  177  21:28  Drone x4  
  183  21:33  Brood Lord x2  
  183  21:38  Corruptor x2  
  190  22:00  Spore Crawler  
  189  22:02  Baneling x10  
  189  22:03  Hatchery  
  189  22:06  Overseer  
  188  22:13  Zerg Flyer Armor Level 1  
  187  22:17  Viper x2  
  187  22:21  Zergling x14  
  199  22:33  Zergling x2  
  199  22:34  Zergling x4  
  196  22:44  Infestor x2  
  196  22:46  Pathogen Glands  
  200  22:53  Extractor x2  
  200  22:55  Drone x2  
  200  23:00  Baneling x16  
  199  23:21  Unknown  
  199  23:23  Unknown  
  199  23:24  Unknown  
  199  23:25  Unknown  
  199  23:27  Unknown  
  178  23:28  Unknown  
  106  23:45  Drone x8  
  106  23:46  Drone  
  106  23:48  Zergling x18  
  115  23:58  Brood Lord x5  
  115  24:02  Overseer  
  125  24:03  Extractor  
  125  24:07  Extractor  
  123  24:10  Drone x3, Extractor  
  123  24:14  Drone x4  
  129  24:25  Baneling x5  
  129  24:30  Hydralisk x3, Spore Crawler  
  134  24:37  Hydralisk x2  
  138  24:51  Viper x2  
  144  25:08  Viper  
  144  25:09  Hydralisk  
  144  25:10  Zergling x16, Hydralisk x2  
  144  25:11  Zergling x2  
  165  25:39  Hatchery  
Tags
 
Add a new tag
Caveats
  • Supply blocks, unpowered buildings, or Contaminate may cause inaccurate times.
  • Supply counts are checked every 10 seconds.